AoeStats
← T@n0 Loc0-!

Oasis

509690097Analyzed
4v4 RM · 5d ago on Sep 27, 2026· 51m 12s· 8 players
Game mode
Random Map
Map size
Large (8 player)
Population
200
Speed
Normal
Resources
Standard
Victory
Conquest
Starting age
Dark Age
Ending age
Imperial Age
RankedLock teamsTeams togetherTeam positionsShared explorationLock speedFull tech treeHidden civsTurbo modeCheats
Victory
Defeat
🇹🇷 Koreans · Türkiye
1063
+15
🇺🇸 Japanese · United States
1044
+16
🇪🇸 Romans · Spain
1027
+16
🇫🇷 Cumans · France
1007
+18
🇨🇱 Vietnamese · Chile
1056
-17
🇩🇪 Teutons · Germany
1055
-17
🇦🇷 Tupi · Argentina
1023
-16
🇬🇧 Britons · United Kingdom
1015
-15
FainterPrune5
3:38 Loom
13:02 Feudal Age
13:18 Man-at-Arms
13:54 Double-Bit Axe
13:53 Horse Collar
14:21 Arson
15:41 Scale Mail Armor
23:41 Castle Age
22:56 Forging
24:06 Long Swordsman
24:32 Gambesons
25:11 Heavy Plow
25:47 Chain Mail Armor
26:19 Bow Saw
28:29 Iron Casting
34:21 Imperial Age
34:05 Gold Mining
34:23 Two-Handed Swordsman
34:26 Capped Ram
36:01 Plate Mail Armor
36:32 Blast Furnace
35:37 Treadmill Crane
37:42 Champion
40:28 Two-Man Saw
40:25 Wheelbarrow
43:00 Onager
45:04 Chemistry
45:55 Hand Cart
fran135
12:00 Feudal Age
16:42 Castle Age
15:22 Double-Bit Axe
15:20 Horse Collar
18:28 Bow Saw
17:59 Man-at-Arms
26:53 Wheelbarrow
26:03 Loom
26:04 Town Watch
26:19 Pikeman
27:46 Forging
27:37 Scale Mail Armor
27:40 Gold Mining
29:06 Hand Cart
31:15 Long Swordsman
31:59 Squires
34:45 Imperial Age
32:16 Town Patrol
32:10 Fletching
32:56 Iron Casting
32:27 Scale Barding Armor
32:40 Chain Mail Armor
34:26 Heavy Plow
34:36 Bodkin Arrow
35:09 Ballistics
34:49 Heavy Scorpion
35:39 Ballistas
35:49 Siege Engineers
37:16 Blast Furnace
36:37 Legionary
38:06 Crop Rotation
38:49 Comitatenses
38:50 Conscription
40:13 Gold Shaft Mining
43:43 Chemistry
Donald Trump
4:53 Loom
10:57 Feudal Age
12:42 Double-Bit Axe
12:53 Horse Collar
25:16 Fletching
27:27 Castle Age
25:54 Padded Archer Armor
31:14 Bodkin Arrow
31:34 Leather Archer Armor
32:50 Bow Saw
32:42 Heavy Plow
33:08 Bloodlines
33:21 Elite Skirmisher
41:22 Scale Barding Armor
46:34 Imperial Age
47:17 Cavalier
Zortopos
9:15 Feudal Age
9:40 Double-Bit Axe
18:04 Castle Age
17:00 Stone Mining
18:16 Fletching
18:32 Loom
19:06 Bow Saw
22:04 Horse Collar
23:59 Town Watch
25:05 Bodkin Arrow
26:09 Scale Barding Armor
28:20 Wheelbarrow
30:07 Ballistics
29:42 Murder Holes
29:59 Gold Mining
38:13 Imperial Age
36:03 Hand Cart
37:15 Chain Barding Armor
37:05 Forging
39:40 Husbandry
40:50 Thumb Ring
42:38 Elite War Wagon
43:40 Shinkichon
44:49 Chemistry
45:36 Bracer
45:38 Scale Mail Armor
46:14 Iron Casting
48:06 Light Cavalry
49:02 Hussar
51:26 Two-Man Saw
LiMe86
10:57 Loom
13:24 Feudal Age
15:08 Double-Bit Axe
15:04 Horse Collar
22:21 Castle Age
20:20 Stone Mining
20:30 Gold Mining
20:49 Fletching
21:12 Padded Archer Armor
23:23 Bow Saw
23:15 Heavy Plow
23:55 Wheelbarrow
24:02 Gold Shaft Mining
25:11 Bodkin Arrow
25:31 Leather Archer Armor
26:53 Hand Cart
28:10 Ballistics
28:26 Squires
28:17 Town Watch
32:57 Imperial Age
30:56 Yeomen
32:23 Caravan
35:14 Chemistry
34:21 Bracer
34:51 Ring Archer Armor
34:46 Conscription
35:41 Elite Longbowman
49:27 Pikeman
chaconuribedesign
2:33 Loom
11:39 Feudal Age
13:42 Man-at-Arms
15:21 Arson
16:05 Forging
16:35 Scale Mail Armor
19:43 Horse Collar
23:29 Castle Age
22:14 Scale Barding Armor
23:09 Bloodlines
23:44 Fletching
25:40 Town Watch
30:03 Double-Bit Axe
30:57 Wheelbarrow
32:00 Iron Casting
42:23 Imperial Age
40:38 Hand Cart
42:08 Heavy Plow
42:15 Bodkin Arrow
43:30 Chain Mail Armor
42:54 Capped Ram
46:29 Blast Furnace
45:59 Plate Mail Armor
T@n0 Loc0-!
2:07 Loom
11:21 Feudal Age
11:56 Champi Runner
12:46 Double-Bit Axe
13:27 Horse Collar
22:58 Castle Age
20:43 Town Watch
44:34 Bow Saw
44:24 Heavy Plow
CL.Maberick
0:28 Loom
11:57 Feudal Age
17:24 Castle Age
15:24 Double-Bit Axe
15:24 Horse Collar
16:22 Gold Mining
16:24 Stone Mining
17:46 Fletching
28:28 Bow Saw
30:01 Husbandry
32:56 Ballistics
33:26 Scale Barding Armor
33:23 Padded Archer Armor
33:50 Treadmill Crane
34:57 Light Cavalry
35:50 Bloodlines
36:12 Chatras
37:10 Masonry
37:19 Forging
37:05 Bodkin Arrow
44:42 Fortified Wall
45:02 Elite Skirmisher
Connection lost

Rejoining the realm…

Still unreachable

The connection could not be restored.

Session expired

The server has moved on; the page needs a fresh start.